 Dungeon Crawl Stone Soup version 0.27-a0-29-g2d0a2396b0 (webtiles) character file.

Game seed: 8596356496099029981

835 HoaS the Cleaver (level 7, -2/37 (57) HPs)
             Began as a Hill Orc Monk on Jan 3, 2021.
             Was a Believer of Makhleb.
             Slain by an orc warrior
             ... wielding a +0 flail
              (6 damage)
             ... on level 5 of the Dungeon.
             The game lasted 00:10:56 (4377 turns).

HoaS the Cleaver (Hill Orc Monk)                    Turns: 4377, Time: 00:10:56

HP:   -2/37 (57)    AC:  9    Str: 16    XL:     7   Next: 98%
MP:   7/7           EV: 10    Int: 10    God:    Makhleb [**....]
Gold: 308           SH:  0    Dex: 13    Spells: 6/6 levels left

rFire    . . .     SeeInvis .   a - +1 hand axe
rCold    . . .     Faith    .   (no shield)
rNeg     . . .     Spirit   .   b - +0 scale mail
rPois    .         Reflect  .   f - +0 helmet
rElec    .         Harm     .   j - +1 cloak
rCorr    .         Rampage  .   (no gloves)
Will     .....                  (no boots)
Stlth    ..........             l - amulet of the acrobat
HPRegen  0.12/turn              (no ring)
MPRegen  0.10/turn              (no ring)

@: very heavily drained
A: no striking features
a: Renounce Religion, Minor Destruction


You were on level 5 of the Dungeon.
You worshipped Makhleb.
Makhleb was pleased with you.
You visited 2 branches of the dungeon, and saw 6 of its levels.

You collected 308 gold pieces.

Inventory:

Hand Weapons
 a - a +1 hand axe (weapon)
Armour
 b - a +0 scale mail (worn)
 f - a +0 helmet (worn)
 j - a +1 cloak (worn)
Jewellery
 c - an uncursed ring of ice
 l - an amulet of the acrobat (around neck)
Wands
 g - a wand of iceblast (14)
 i - a wand of digging (4)
 k - a wand of random effects (10)
Scrolls
 d - 6 scrolls of remove curse
 e - a scroll of fog
Potions
 m - a potion of attraction
 o - a potion of brilliance {unknown}


   Skills:
 - Level 3.6 Fighting
 + Level 11.7 Axes
 - Level 2.4 Dodging
 - Level 1.5 Stealth


You had 6 spell levels left.
You didn't know any spells.
Your spell library contained the following spells:

 Spells                   Type           Power        Failure   Level
 Summon Small Mammal      Summ           0%           82%         1
 Call Imp                 Summ           0%           91%         2
 Call Canine Familiar     Summ           0%           99%         3
 Summon Guardian Golem    Hex/Summ       0%           99%         3
 Summon Ice Beast         Ice/Summ       0%           100%        4
 Summon Lightning Spire   Summ/Air       0%           100%        4


Dungeon Overview and Level Annotations

Branches:
Dungeon (5/15)             Temple (1/1) D:4

Altars:
Ashenzari
Cheibriados
Dithmenos
Elyvilon
Fedhas
Gozag
Hepliaklqana
Kikubaaqudgha
Makhleb
Nemelex Xobeh
Qazlal
Ru
Sif Muna
Trog
Uskayaw
Vehumet
Wu Jian
Xom
Yredelemnul
Zin
The Shining One

Shops:
D:4 =


Message History

The orc warrior is moderately wounded.
The orc wizard looks braver for a moment.
You closely miss the orc warrior.
The orc warrior is moderately wounded.
The orc warrior hits you with a +0 flail!
You slash the orc warrior!
The orc warrior is severely wounded.
You closely miss the orc warrior.
The orc warrior is severely wounded.
The orc warrior hits you with a +0 flail!
* * * LOW HITPOINT WARNING * * *
You hit the orc warrior but do no damage.
The orc warrior is severely wounded.
You closely miss the orc warrior.
The orc warrior is severely wounded.
The orc warrior barely misses you.
You hit the orc warrior but do no damage.
The orc warrior is severely wounded.
The orc warrior hits you with a +0 flail.
You die...

###....#.......#.#
#.####.8...8.#?#
###.#####.....##..
#.......###.######
#.#...............
#.################
#.# #.# #@# #o#
#o# #o# ..# ###


You could see an orc warrior, an orc wizard and an orc.

Vanquished Creatures
  Sigmund (D:3)
  Edmund (D:5)
  An ogre (D:4)
  Crazy Yiuf (D:3)
  2 orc wizards
  Terence (D:3)
  4 worker ants (D:4)
  Natasha (thrice) (D:2)
  A howler monkey skeleton (D:4)
  3 gnolls
  4 adders
  2 oozes
  An adder skeleton (D:4)
  A worm (D:3)
  A leopard gecko (D:1)
  11 orcs
  A ball python (D:4)
  5 giant cockroaches
  5 goblins
  8 hobgoblins
  2 jackals (D:2)
  3 quokkas (D:2)
  12 bats
  5 frilled lizards
  A jackal skeleton (D:5)
  8 kobolds
  A leopard gecko skeleton (D:4)
  6 rats
95 creatures vanquished.

Vanquished Creatures (others)
  An orc wizard (D:4)
  2 fungi (D:3)
3 creatures vanquished.

Grand Total: 98 creatures vanquished

Notes
Turn   | Place    | Note
-------+----------+-------------------------------------------
     0 | D:1      | HoaS the Hill Orc Monk began the quest for the Orb.
     0 | D:1      | Reached XP level 1. HP: 19/19 MP: 1/1
    35 | D:1      | Reached XP level 2. HP: 22/26 MP: 2/2
   179 | D:1      | Reached skill level 5 in Axes
   429 | D:1      | Reached XP level 3. HP: 31/31 MP: 3/3
   789 | D:2      | Reached skill level 6 in Axes
   999 | D:2      | Reached XP level 4. HP: 33/39 MP: 4/4
  1255 | D:2      | Noticed Natasha
  1266 | D:2      | Killed Natasha
  1267 | D:2      | Reached skill level 7 in Axes
  1267 | D:2      | Reached XP level 5. HP: 34/45 MP: 5/5
  1289 | D:2      | Noticed Natasha
  1302 | D:2      | Killed Natasha
  1342 | D:2      | Noticed Natasha
  1350 | D:2      | Killed Natasha
  1575 | D:2      | Reached skill level 8 in Axes
  1855 | D:3      | Noticed Sigmund
  1865 | D:3      | Killed Sigmund
  1866 | D:3      | Reached skill level 9 in Axes
  1866 | D:3      | Reached XP level 6. HP: 28/51 MP: 6/6
  2439 | D:3      | Noticed Terence
  2480 | D:3      | Killed Terence
  2783 | D:3      | Found a runed translucent door.
  2784 | D:3      | Noticed Crazy Yiuf
  3022 | D:3      | Killed Crazy Yiuf
  3023 | D:3      | Reached skill level 10 in Axes
  3023 | D:3      | Reached XP level 7. HP: 52/57 MP: 2/7
  3160 | D:4      | Found a staircase to the Ecumenical Temple.
  3209 | Temple   | Entered the Ecumenical Temple
  3472 | Temple   | Became a worshipper of Makhleb the Destroyer
  3472 | Temple   | Reached * piety under Makhleb
  3472 | Temple   | Reached ** piety under Makhleb
  3750 | D:4      | Found Poisyg's Jewellery Shoppe.
  3767 | D:4      | Got a scorched tin ring
  3986 | D:4      | Reached skill level 11 in Axes
  3991 | D:4      | Identified the cursed ring "Arawnem" {rC+ Str-4} (You found
                  | it on level 4 of the Dungeon)
  4021 | D:5      | Entered Level 5 of the Dungeon
  4030 | D:5      | Noticed Edmund
  4086 | D:5      | Killed Edmund
  4295 | D:5      | Found an opulent altar of Gozag.
  4377 | D:5      | Slain by an orc warrior

Illustrated notes

Levels and vault maps discovered:
D:1:      evilmike_arrival_come_back, layout_rooms
D:2:      layout_loops_corners, minmay_pentomino_p2, uniq_natasha
D:3:      layout_rooms, minmay_quantized, uniq_sigmund, uniq_crazy_yiuf_cottage,
          uniq_terence
D:4:      layout_loops_cross, minmay_temple_entry_steel_oval, serial_shops,
          nicolae_shop_behind_doors
D:5:      layout_basic, grunt_gozag_statues, uniq_menkaure, uniq_edmund
Temple:   nicolae_temple_the_god_donut

Skill      XL: |  1  2  3  4  5  6  7 |
---------------+----------------------+-----
Axes           | 5 6 7 9 10 11 | 11.7
Fighting       | |  3.6
Dodging        | |  2.4
Stealth        | |  1.5

Action                   |  1- 3 |  4- 6 |  7- 9 || total
-------------------------+-------+-------+-------++-------
Melee: Hand axe          |   132 |   183 |   164 ||   479
Evoke: Wand              |       |     2 |     3 ||     5
  Use: Scroll            |       |     8 |     4 ||    12
Armor: Robe              |     7 |       |       ||     7
       Chain mail        |    18 |       |       ||    18
       Scale mail        |    44 |    81 |    38 ||   163
Dodge: Dodged            |    80 |    84 |    60 ||   224

Table legend: (Time is in decaauts)
 A = Elapsed time spent in this place.
 B = Non-inter-level travel time spent in this place.
 C = Inter-level travel time spent in this place.
 D = Time resting spent in this place.
 E = Time spent auto-exploring this place.
 F = Levels seen in this place.
 G = Mean time per level.
                   A        B        C        D        E       F      G
               +--------+--------+--------+--------+--------+-----+--------+
         Total |   4324 |   4129 |    195 |    967 |   2297 |   6 |  720.7 |
       Dungeon |   4049 |   3890 |    159 |    967 |   2061 |   5 |  809.8 |
        Temple |    274 |    238 |     36 |      0 |    236 |   1 |  274.0 |
               +--------+--------+--------+--------+--------+-----+--------+

Top non-repeatable levels by time:
     D:3: 1223 daAuts
     D:2: 1075 daAuts
     D:1: 743 daAuts
     D:4: 668 daAuts
     D:5: 337 daAuts
  Temple: 274 daAuts
